BLB
WASHINGTON BATS @ WINDY CITY BLUES
05/29/2060
 
TOP OF THE 1ST
Washington Bats batting - Pitching for Windy City Blues : RHP Richard Kramer
Pitching: RHP Richard Kramer
Batting: RHB Owen Dooley 0-0: Ball
1-0: Ball
2-0: Called Strike
2-1: Foul Ball, location: 2F
2-2: Strikes out swinging
Batting: RHB Raymond Dixon 0-0: Called Strike
0-1: Ball
1-1: Foul Ball, location: 2F
1-2: Foul Ball, location: 2F
1-2: Strikes out looking
Batting: RHB Hayden Jones 0-0: Ball
1-0: Fly out, F7 (Flyball, 7, EV 92.5 MPH)
Top of the 1st over - 0 runs, 0 hits, 0 errors, 0 left on base; Washington 0 - Windy City 0
BOTTOM OF THE 1ST
Windy City Blues batting - Pitching for Washington Bats : RHP Justin Casey
Pitching: RHP Justin Casey
Batting: RHB Ty Dec 0-0: Ball
1-0: SINGLE (Groundball, 5D, EV 106.9 MPH)
Batting: LHB Rafael Rutkowski 0-0: Called Strike
0-1: Ball
Ty Dec steals 2nd base (no throw)
1-1: Ball
2-1: Ball
3-1: Base on Balls
Batting: RHB Ezekiel Wolfson 0-0: Called Strike
0-1: Ball
1-1: Called Strike
1-2: Ball
2-2: Fielders Choice at 2nd, 3-6 (Groundball, 34, EV 86.2 MPH)
Ty Dec to third
Batting: SHB Steven Hall 0-0: Ball
Ezekiel Wolfson steals 2nd base (no throw)
1-0: 3-RUN HOME RUN (Flyball, 7D, EV 95.0 MPH), Distance : 374 ft
Batting: RHB Brad Castro 0-0: Called Strike
0-1: SINGLE (Groundball, 56D, EV 88.8 MPH) (infield hit)
Batting: RHB Deontae Howard 0-0: Ball
1-0: Ball
2-0: Ball
3-0: Called Strike
3-1: Base on Balls
Brad Castro to second
Batting: RHB Adrien Jimenez 0-0: Ball
1-0: Ball
2-0: Fly out, F8 (Line Drive, 8LM, EV 90.0 MPH)
Batting: RHB Freddy Mikulski 0-0: Called Strike
0-1: Fielders Choice at 2nd, 6-4 (Groundball, 56, EV 85.0 MPH)
Bottom of the 1st over - 3 runs, 3 hits, 0 errors, 2 left on base; Washington 0 - Windy City 3
TOP OF THE 2ND
Washington Bats batting - Pitching for Windy City Blues : RHP Richard Kramer
Batting: RHB Parker Lee 0-0: Called Strike
0-1: Called Strike
0-2: Ball
1-2: Foul Ball, location: 2F
1-2: Ball
2-2: Foul Ball, location: 2F
2-2: Strikes out swinging
Batting: LHB Joel Bell 0-0: SINGLE (Groundball, 6S, EV 66.2 MPH) (infield hit)
Batting: RHB Neall Rabah 0-0: Ball
1-0: Called Strike
1-1: Ball
Joel Bell steals 2nd base
2-1: Foul Ball, location: 2F
2-2: Ball
3-2: Base on Balls
Batting: RHB Louis Hockney 0-0: Grounds into double play, 5-4-3 (Groundball, 56S, EV 83.1 MPH)
Top of the 2nd over - 0 runs, 1 hit, 0 errors, 1 left on base; Washington 0 - Windy City 3
BOTTOM OF THE 2ND
Windy City Blues batting - Pitching for Washington Bats : RHP Justin Casey
Batting: RHB Ron Shotwell 0-0: Ball
1-0: Ball
2-0: Foul Ball, location: 2F
2-1: Foul Ball, location: 2F
2-2: Ball
3-2: Foul Ball, location: 2F
3-2: Base on Balls
Batting: RHB Ty Dec 0-0: Ball
1-0: Ball
2-0: Called Strike
2-1: Called Strike
2-2: Fly out, F6 (Popup, 56, EV 53.1 MPH)
Batting: LHB Rafael Rutkowski 0-0: Ball
1-0: Grounds into double play, 6-4-3 (Groundball, 6, EV 83.8 MPH)
Bottom of the 2nd over - 0 runs, 0 hits, 0 errors, 0 left on base; Washington 0 - Windy City 3
TOP OF THE 3RD
Washington Bats batting - Pitching for Windy City Blues : RHP Richard Kramer
Batting: LHB Evan Wilson 0-0: Ball
1-0: Ball
2-0: Ball
3-0: Called Strike
3-1: Base on Balls
Batting: RHB Jeremy Hollabaugh 0-0: Ball
1-0: Ball
Evan Wilson steals 2nd base
2-0: Ground out 4-3 (Groundball, 4, EV 84.4 MPH)
Evan Wilson to third
Batting: RHB Owen Dooley 0-0: Swinging Strike
0-1: Called Strike
0-2: Foul Ball, location: 2F
0-2: Foul Ball, location: 2F
0-2: Ball
1-2: Ball
2-2: Fly out, F9 (Flyball, 9, EV 90.6 MPH)
Batting: RHB Raymond Dixon 0-0: Called Strike
0-1: Ball
1-1: Ball
2-1: Foul Ball, location: 2F
2-2: Strikes out swinging
Top of the 3rd over - 0 runs, 0 hits, 0 errors, 1 left on base; Washington 0 - Windy City 3
BOTTOM OF THE 3RD
Windy City Blues batting - Pitching for Washington Bats : RHP Justin Casey
Batting: RHB Ezekiel Wolfson 0-0: Fly out, F7 (Flyball, 7LM, EV 95.0 MPH)
Batting: SHB Steven Hall 0-0: Ball
1-0: Called Strike
1-1: Swinging Strike
1-2: Hit by Pitch
Batting: RHB Brad Castro 0-0: Called Strike
0-1: Ball
1-1: Foul Ball, location: 2F
1-2: SINGLE (Line Drive, 6M, EV 99.4 MPH)
Steven Hall to second
Batting: RHB Deontae Howard 0-0: Foul Ball, location: 2F
0-1: Swinging Strike
0-2: Ball
1-2: Foul Ball, location: 2F
1-2: Strikes out swinging
Batting: RHB Adrien Jimenez 0-0: Ball
1-0: Ball
2-0: Fly out, F8 (Flyball, 8LXD, EV 88.8 MPH)
Bottom of the 3rd over - 0 runs, 1 hit, 0 errors, 2 left on base; Washington 0 - Windy City 3
TOP OF THE 4TH
Washington Bats batting - Pitching for Windy City Blues : RHP Richard Kramer
Batting: RHB Hayden Jones 0-0: Foul Ball, location: 9LSF, Error on foul ball, E9
0-1: Foul Ball, location: 2F
0-2: Ground out 6-3 (Groundball, 6, EV 101.9 MPH)
Batting: RHB Parker Lee 0-0: Foul Ball, location: 2F
0-1: Called Strike
0-2: Ball
1-2: Ball
2-2: Ball
3-2: SINGLE (Line Drive, 7LM, EV 103.1 MPH)
Batting: LHB Joel Bell 0-0: Ball
1-0: Ball
2-0: Called Strike
2-1: Swinging Strike
2-2: Foul Ball, location: 2F
2-2: Grounds into double play, 5-4-3 (Groundball, 5, EV 89.4 MPH)
Top of the 4th over - 0 runs, 1 hit, 1 error, 0 left on base; Washington 0 - Windy City 3
BOTTOM OF THE 4TH
Windy City Blues batting - Pitching for Washington Bats : RHP Justin Casey
Batting: RHB Freddy Mikulski 0-0: Called Strike
0-1: Ball
1-1: Fly out, F9 (Flyball, 9LS, EV 78.1 MPH)
Batting: RHB Ron Shotwell 0-0: Ball
1-0: Foul Ball, location: 2F
1-1: Ground out 5-3 (Groundball, 56S, EV 79.4 MPH)
Batting: RHB Ty Dec 0-0: Swinging Strike
0-1: Ball
1-1: Ball
2-1: Foul Ball, location: 2F
2-2: Ball
3-2: Fly out, F4 (Popup, 34, EV 61.9 MPH)
Bottom of the 4th over - 0 runs, 0 hits, 0 errors, 0 left on base; Washington 0 - Windy City 3
TOP OF THE 5TH
Washington Bats batting - Pitching for Windy City Blues : RHP Richard Kramer
Batting: RHB Neall Rabah 0-0: Ball
1-0: Ground out 6-3 (Groundball, 6D, EV 93.1 MPH)
Batting: RHB Louis Hockney 0-0: Called Strike
0-1: Fly out, F9 (Line Drive, 9D, EV 90.6 MPH)
Batting: LHB Evan Wilson 0-0: Ball
1-0: Swinging Strike
1-1: Swinging Strike
1-2: Ball
2-2: Ground out 4-3 (Groundball, 4, EV 85.0 MPH)
Top of the 5th over - 0 runs, 0 hits, 0 errors, 0 left on base; Washington 0 - Windy City 3
BOTTOM OF THE 5TH
Windy City Blues batting - Pitching for Washington Bats : RHP Justin Casey
Batting: LHB Rafael Rutkowski 0-0: Ball
1-0: Fly out, F8 (Flyball, 8RXD, EV 102.5 MPH)
Batting: RHB Ezekiel Wolfson 0-0: Foul Ball, location: 2F
0-1: Ball
1-1: Ball
2-1: Called Strike
2-2: SINGLE (Groundball, 6MD, EV 96.2 MPH)
Batting: SHB Steven Hall 0-0: Ball
1-0: Ball
2-0: Foul Ball, location: 2F
2-1: Ball
3-1: Foul Ball, location: 2F
3-2: Hit by Pitch
Ezekiel Wolfson to second
Batting: RHB Brad Castro 0-0: Fielders Choice at 2nd, 5-4 (Groundball, 56, EV 101.2 MPH)
Ezekiel Wolfson to third
Batting: RHB Deontae Howard 0-0: Swinging Strike
0-1: Swinging Strike
0-2: Ball
1-2: Ball
2-2: Ball
3-2: Strikes out swinging
Bottom of the 5th over - 0 runs, 1 hit, 0 errors, 2 left on base; Washington 0 - Windy City 3
TOP OF THE 6TH
Washington Bats batting - Pitching for Windy City Blues : RHP Richard Kramer
Batting: RHB Jeremy Hollabaugh 0-0: Ball
1-0: SINGLE (Line Drive, 89S, EV 101.9 MPH)
Batting: RHB Owen Dooley 0-0: Ball
1-0: Called Strike
1-1: Ball
2-1: Ball
3-1: Base on Balls
Jeremy Hollabaugh to second
Batting: RHB Raymond Dixon 0-0: Ball
1-0: Ball
2-0: Ball
3-0: Called Strike
3-1: Base on Balls
Jeremy Hollabaugh to third
Owen Dooley to second
Batting: RHB Hayden Jones 0-0: Ball
1-0: Ball
2-0: Called Strike
2-1: Swinging Strike
2-2: Grounds into double play, 6-4-3 (Groundball, 6, EV 85.0 MPH)
Jeremy Hollabaugh scores
Owen Dooley to third
Batting: RHB Parker Lee 0-0: Called Strike
0-1: Ball
1-1: Ball
2-1: Ground out 6-3 (Groundball, 6, EV 85.0 MPH)
Top of the 6th over - 1 run, 1 hit, 0 errors, 1 left on base; Washington 1 - Windy City 3
BOTTOM OF THE 6TH
Windy City Blues batting - Pitching for Washington Bats : RHP Justin Casey
Batting: RHB Adrien Jimenez 0-0: Ground out 5-3 (Groundball, 15, EV 95.0 MPH)
Batting: RHB Freddy Mikulski 0-0: Reached via error on a dropped throw from 1B, E1 (Groundball, 3L, EV 98.1 MPH)
Pitching: LHP Kyle Nicholas
Batting: RHB Ron Shotwell 0-0: Called Strike
0-1: Ball
1-1: Swinging Strike
1-2: Ball
2-2: Ball
3-2: Foul Ball, location: 2F
3-2: Base on Balls
Freddy Mikulski to second
Batting: RHB Ty Dec 0-0: Ball
1-0: Grounds into double play, 4-6-3 (Groundball, 4, EV 105.0 MPH)
Bottom of the 6th over - 0 runs, 0 hits, 1 error, 1 left on base; Washington 1 - Windy City 3
TOP OF THE 7TH
Washington Bats batting - Pitching for Windy City Blues : RHP Richard Kramer
Pitching: RHP R.V. Weatherby
Batting: LHB Joel Bell 0-0: Ball
1-0: Fly out, F8 (Flyball, 8RD, EV 89.4 MPH)
Batting: RHB Neall Rabah 0-0: Called Strike
0-1: Ball
1-1: Foul Ball, location: 2F
1-2: Ball
2-2: Ball
3-2: Ground out 6-3 (Groundball, P, EV 80.6 MPH)
Batting: RHB Louis Hockney 0-0: Ball
1-0: Foul Ball, location: 2F
1-1: Swinging Strike
1-2: Fly out, F5 (Line Drive, 5L, EV 73.8 MPH)
Top of the 7th over - 0 runs, 0 hits, 0 errors, 0 left on base; Washington 1 - Windy City 3
BOTTOM OF THE 7TH
Windy City Blues batting - Pitching for Washington Bats : LHP Kyle Nicholas
Batting: LHB Rafael Rutkowski 0-0: Ball
1-0: Called Strike
1-1: Ball
2-1: Ground out 4-3 (Groundball, 4, EV 88.8 MPH)
Batting: RHB Ezekiel Wolfson 0-0: Foul Ball, location: 2F
0-1: Fly out, F7 (Flyball, 7LM, EV 85.6 MPH)
Batting: SHB Steven Hall 0-0: Ball
1-0: Fly out, F8 (Flyball, 89S, EV 95.0 MPH)
Bottom of the 7th over - 0 runs, 0 hits, 0 errors, 0 left on base; Washington 1 - Windy City 3
TOP OF THE 8TH
Washington Bats batting - Pitching for Windy City Blues : RHP R.V. Weatherby
Batting: LHB Evan Wilson 0-0: SINGLE (Groundball, 34D, EV 93.8 MPH)
Pinch Hitting: LHB Dominick Hanneken 0-0: Ball
1-0: Called Strike
1-1: Foul Ball, location: 2F
1-2: Ball
2-2: Ball
3-2: TRIPLE (Flyball, 89XD, EV 90.6 MPH)
Evan Wilson scores
Batting: RHB Owen Dooley 0-0: Ball
1-0: Swinging Strike
1-1: Ball
2-1: Ball
3-1: Foul Ball, location: 2F
3-2: Foul Ball, location: 2F
3-2: Foul Ball, location: 2F
3-2: Foul Ball, location: 2F
3-2: Foul Ball, location: 2F
3-2: SINGLE (Groundball, 5, EV 111.2 MPH)
Dominick Hanneken scores
Pitching: RHP Shannon Hutchinson
Batting: RHB Raymond Dixon 0-0: Called Strike
Owen Dooley steals 2nd base (no throw)
0-1: Swinging Strike
0-2: Strikes out swinging
Batting: RHB Hayden Jones 0-0: Ball
1-0: Ball
2-0: Ball
3-0: Called Strike
3-1: Called Strike
3-2: Strikes out looking
Batting: RHB Parker Lee 0-0: Called Strike
0-1: Swinging Strike
0-2: Ball
1-2: Ball
2-2: Strikes out swinging
Top of the 8th over - 2 runs, 3 hits, 0 errors, 1 left on base; Washington 3 - Windy City 3
BOTTOM OF THE 8TH
Windy City Blues batting - Pitching for Washington Bats : LHP Kyle Nicholas
Now at 2B: Zechariah Norkus
Now at SS: Owen Dooley
Batting: RHB Brad Castro 0-0: Ball
1-0: Ball
2-0: Ball
3-0: Called Strike
3-1: Swinging Strike
3-2: Fly out, F8 (Flyball, 78D, EV 105.0 MPH)
Batting: RHB Deontae Howard 0-0: SINGLE (Line Drive, 56, EV 96.9 MPH)
Batting: RHB Adrien Jimenez 0-0: Swinging Strike
0-1: Foul Ball, location: 2F
0-2: Ball
1-2: Strikes out swinging
Batting: RHB Freddy Mikulski 0-0: Ball
1-0: Called Strike
1-1: Called Strike
1-2: Ball
Deontae Howard is caught stealing 2nd base 2-4
Bottom of the 8th over - 0 runs, 1 hit, 0 errors, 0 left on base; Washington 3 - Windy City 3
TOP OF THE 9TH
Washington Bats batting - Pitching for Windy City Blues : RHP Shannon Hutchinson
Batting: LHB Joel Bell 0-0: Ball
1-0: Foul Ball, location: 2F
1-1: Fly out, F8 (Line Drive, 8LM, EV 101.2 MPH)
Batting: RHB Neall Rabah 0-0: Fly out, F9 (Flyball, 9LS, EV 81.9 MPH)
Batting: RHB Louis Hockney 0-0: DOUBLE (Line Drive, 7LS, EV 104.4 MPH)
Batting: LHB Evan Wilson 0-0: Called Strike
0-1: SINGLE (Groundball, 6MS, EV 68.8 MPH) (infield hit)
Louis Hockney to third
Batting: RHB Zechariah Norkus 0-0: Ball
1-0: Foul Ball, location: 2F
1-1: Ball
2-1: Ball
3-1: Called Strike
3-2: Foul Ball, location: 2F
3-2: Foul Ball, location: 2F
3-2: DOUBLE (Line Drive, 3D, EV 103.8 MPH)
Louis Hockney scores
Evan Wilson to third
Evan Wilson scores
Batting: RHB Owen Dooley 0-0: Swinging Strike
0-1: Foul Ball, location: 2F
0-2: Ball
1-2: Foul Ball, location: 2F
1-2: Strikes out swinging
Top of the 9th over - 2 runs, 3 hits, 0 errors, 1 left on base; Washington 5 - Windy City 3
BOTTOM OF THE 9TH
Windy City Blues batting - Pitching for Washington Bats : LHP Kyle Nicholas
Pitching: RHP Maverick Rioux
Now in LF: Derek Engledow
Now in CF: Evan Wilson
Now in RF: Raymond Dixon
Batting: RHB Freddy Mikulski 0-0: Foul Ball, location: 2F
0-1: Swinging Strike
0-2: Strikes out swinging
Pinch Hitting: SHB Cam Phillip 0-0: Called Strike
0-1: Foul Ball, location: 2F
0-2: Strikes out looking
Batting: RHB Ty Dec 0-0: Ball
1-0: SINGLE (Groundball, 56D, EV 103.1 MPH)
Batting: LHB Rafael Rutkowski 0-0: Ball
1-0: 2-RUN HOME RUN (Flyball, 8LXD, EV 110.0 MPH), Distance : 424 ft
Batting: RHB Ezekiel Wolfson 0-0: Fly out, F9 (Line Drive, 9LM, EV 100.6 MPH)
Bottom of the 9th over - 2 runs, 2 hits, 0 errors, 0 left on base; Washington 5 - Windy City 5
TOP OF THE 10TH
Washington Bats batting - Pitching for Windy City Blues : RHP Shannon Hutchinson
Now in CF: Peter Wingenbach
Batting: RHB Raymond Dixon 0-0: Called Strike
0-1: Fly out, F9 (Flyball, 89D, EV 104.4 MPH)
Batting: RHB Hayden Jones 0-0: Ball
1-0: Ball
2-0: Called Strike
2-1: Called Strike
2-2: Ball
3-2: Strikes out swinging
Batting: RHB Parker Lee 0-0: SOLO HOME RUN (Flyball, 7D, EV 98.8 MPH), Distance : 394 ft
Pitching: RHP Riley Saakyan
Batting: LHB Joel Bell 0-0: Called Strike
0-1: Swinging Strike
0-2: Ball
1-2: Ball
2-2: Ball
3-2: Base on Balls
Batting: RHB Neall Rabah 0-0: Ground out 4-3 (Groundball, 4, EV 109.4 MPH)
Top of the 10th over - 1 run, 1 hit, 0 errors, 1 left on base; Washington 6 - Windy City 5
BOTTOM OF THE 10TH
Windy City Blues batting - Pitching for Washington Bats : RHP Maverick Rioux
Batting: SHB Steven Hall 0-0: Called Strike
0-1: Ball
1-1: Ball
2-1: Called Strike
2-2: Strikes out swinging
Batting: RHB Brad Castro 0-0: Swinging Strike
0-1: Ball
1-1: Called Strike
1-2: Strikes out swinging
Batting: RHB Deontae Howard 0-0: Foul Ball, location: 2F
0-1: Fly out, F9 (Flyball, 9S, EV 77.5 MPH)
Bottom of the 10th over - 0 runs, 0 hits, 0 errors, 0 left on base; Washington 6 - Windy City 5
Friday, May 3rd , 2024 - OOTP Baseball 23.10 Build 110